 Dungeon Crawl Stone Soup version 0.31-a0-986-g5e6e4ef867 (webtiles) character file.

Game seed: 6677504305751269824

7653 gelatine the Covered (level 10, 0/76 HPs)
             Began as a Demonspawn Fighter on Nov 17, 2023.
             Slain by a shadow (21 damage)
             ... on level 10 of the Dungeon.
             The game lasted 00:26:26 (8524 turns).

gelatine the Covered (Demonspawn Fighter)           Turns: 8524, Time: 00:26:27

Health: 0/76       AC: 13    Str: 24    XL:     10   Next: 99%
Magic:  17/17      EV: 17    Int:  9    God:
Gold:   615        SH:  5    Dex: 13    Spells: 19/19 levels left

rFire   + . .        w - +7 whip of Due Proportion {flame, Will+}
rCold   . . .        c - +0 buckler
rNeg    . . .        n - +3 scale mail
rPois   .            (helmet restricted)
rElec   .            D - +0 cloak
rCorr   .            l - +0 pair of gloves
SInv    .            (no boots)
Will    +....        A - amulet of regeneration Stlth
                     t - ring of Pythytab {rF+ Str+3 Slay+2}
HPRegen 1.12/turn    g - +4 ring of slaying
MPRegen 0.15/turn

%: no passive effects
@: mighty, agile
A: antennae 1, hooves 1, powered by pain 2, demonic touch 2
a: no special abilities


You were on level 10 of the Dungeon.
You visited 2 branches of the dungeon, and saw 11 of its levels.
You also visited: Sewer.

You collected 643 gold pieces.
You spent 28 gold pieces at shops.

Inventory:

Hand Weapons
 a - a +0 war axe
 w - the +7 whip of Due Proportion (weapon) {flame, Will+}
   (You found it on level 4 of the Dungeon)

   Will+:     It increases your willpower.
Missiles
 m - 13 poisoned darts (quivered)
 G - 2 curare-tipped darts
 R - 7 boomerangs
 U - a throwing net
Armour
 b - a +0 scale mail
 c - a +0 buckler (worn)
 k - a +0 kite shield
 l - a +0 pair of gloves (worn)
 n - a +3 scale mail (worn)
 z - a +1 ring mail of willpower
 D - a +0 cloak (worn)
 M - a +0 leather armour of fire resistance
 Q - +0 steam dragon scales
Jewellery
 e - a +5 ring of evasion
 g - a +4 ring of slaying (right hand)
 t - the ring of Pythytab (left hand) {rF+ Str+3 Slay+2}
   (You found it on level 4 of the Dungeon)

   [ring of protection from fire]

   Str+3:     It affects your strength (+3).
   Slay+2:    It affects your accuracy & damage with ranged weapons and melee
   (+2).
   rF+:       It protects you from fire.
 x - a ring of poison resistance
 A - an amulet of regeneration (around neck)
 O - a ring of protection from fire
Talismans
 q - a beast talisman
Wands
 p - a wand of charming (11)
 v - a wand of polymorph (6)
Scrolls
 h - 7 scrolls of teleportation
 o - 4 scrolls of vulnerability
 y - 3 scrolls of poison
 C - a scroll of enchant weapon {unknown}
 E - a scroll of summoning
 I - a scroll of immolation {unknown}
 K - 4 scrolls of identify
 L - a scroll of enchant armour
 N - a scroll of amnesia {unknown}
 S - a scroll of fear {unknown}
 T - a scroll of silence
Potions
 d - 2 potions of might
 f - 6 potions of curing
 i - 2 potions of lignification
 j - 2 potions of heal wounds {unknown}
 r - 2 potions of magic {unknown}
 s - a potion of degeneration {unknown}
 u - a potion of ambrosia
 B - a potion of mutation
 F - 2 potions of haste {unknown}
 H - 2 potions of enlightenment {unknown}
 J - 3 potions of brilliance {unknown}
 P - a potion of resistance {unknown}


   Skills:
 * Level 6.2 Fighting
 + Level 4.6(5.8) Axes
 + Level 5.4(6.2) Maces & Flails
 + Level 5.2 Throwing
 * Level 7.1 Armour
 * Level 4.9 Dodging
 + Level 1.4 Stealth
 * Level 6.2 Shields
 * Level 5.2 Spellcasting
 + Level 2.0 Evocations


You had 19 spell levels left.
You didn't know any spells.
Your spell library contained the following spells:

 Spells                   Type           Power      Damage    Failure   Level
 Shock                    Conj/Air       8%         1d3       54%         1
 Slow                     Hex            8%         N/A       54%         1
 Cigotuvi's Dreadful Rot  Necr/Pois/Air  4%         N/A       67%         2
 Confusing Touch          Hex            2%         N/A       88%         3
 Dazzling Flash           Conj/Hex       4%         N/A       88%         3
 Ignite Poison            Fire/Tmut/Pois 2%         N/A       88%         3
 Sigil of Binding         Hex            2%         N/A       88%         3
 Stone Arrow              Conj/Erth      4%         3d7       88%         3
 Summon Guardian Golem    Hex/Summ       2%         N/A       88%         3
 Swiftness                Air            2%         N/A       88%         3
 Tukima's Dance           Hex            2%         N/A       88%         3
 Vampiric Draining        Necr           2%         2d6       88%         3
 Volatile Blastmotes      Fire/Tloc      4%         2d10      88%         3
 Airstrike                Air            1%         2d(1-17)  99%         4
 Animate Armour           Summ/Erth      4%         N/A       99%         4
 Passage of Golubria      Tloc           2%         N/A       99%         4
 Freezing Cloud           Conj/Ice/Air   1%         6-21      100%        5
 Yara's Violent Unravell  Hex/Tmut       1%         3d3       100%        5
 Starburst                Conj/Fire      1%         6d3       100%        6
 Orb of Destruction       Conj           1%         9d5       100%        7
 Spellforged Servitor     Conj/Summ      1%         N/A       100%        7
 Lehudib's Crystal Spear  Conj/Erth      1%         10d2      100%        8
 Maxwell's Capacitive Co  Air            1%         ∞         100%        8


Dungeon Overview and Level Annotations

Branches:
Dungeon (10/15)            Temple (1/1) D:7            Lair (0/5) D:8
  Sewer (visited)
    Orc: D:9-12

Altars:
Ashenzari
Cheibriados
Dithmenos
Fedhas
Gozag
Hepliaklqana
Kikubaaqudgha
Makhleb
Nemelex Xobeh
Okawaru
Qazlal
Ru
Sif Muna
Trog
Uskayaw
Vehumet
Wu Jian
Xom
Yredelemnul

Shops:
D:1 ?   D:7 :   D:9 :


Innate Abilities, Weirdness & Mutations

You have a pair of small antennae on your head.
You have large cloven feet.
You sometimes gain power by taking damage.
Your touch may inflict irresistible damage on your foes.


Message History

The acid dragon scales are intact enough to wear.
The shadow slips into darkness.
The shadow flickers and vanishes!
Deactivating autopickup; reactivate with Ctrl-A.
The troll closely misses you. You block the troll's attack.
The troll claws you.
You closely miss the troll. You kick the troll, but do no damage.
The shadow strikes at you from the darkness!
Reactivating autopickup.
The troll bites you!
The troll claws you. x2; You block the yak's attack.
You whack the troll! You burn the troll. You kick the troll.
The troll is moderately wounded.
The shadow hits you! You block the troll's attack. The troll claws you.
The troll misses you.
You whack the troll! You burn the troll. Your kick misses the troll.
The troll is severely wounded.
The yak gores you!
* * * LOW HITPOINT WARNING * * *
You focus on the pain.
You feel very mighty all of a sudden. The troll barely misses you.
The troll closely misses you. The troll misses you. The shadow misses you.
The yak attacks as it pursues you! The yak gores you.
* * * LOW HITPOINT WARNING * * *
The shadow attacks as it pursues you! You block the shadow's attack.
The yak attacks as it pursues you! The yak misses you.
The troll attacks as it pursues you! The troll bites you but does no damage.
The troll completely misses you. The troll barely misses you.
The yak attacks as it pursues you! The yak misses you.
The yak attacks as it pursues you! The yak barely misses you.
The yak attacks as it pursues you! The yak gores you!
* * * LOW HITPOINT WARNING * * *
The shadow slips into darkness.
The shadow flickers and vanishes!
Deactivating autopickup; reactivate with Ctrl-A.
The yak attacks as it pursues you! You block the yak's attack.
The yak attacks as it pursues you! The yak barely misses you.
You are no longer corroded.
The shadow strikes at you from the darkness!
You die...

... #......##....#
....####......##....#
<.........#....[....#
.....#......##......####♣♣♣
...........##........#..♣~♣♣P
........##.##.T..(........~~~
.........)..##Y..........PP♣
..............[{..........♣♣♣
.............)@)........##..♣♣
..........).)........#..##...♣♣
...8.....8..)))......##..##...♣
...............#..##.###.....#♣
............#.##.##..##..##...#
.....>......##.#.##......#.....
..............................#
...................#...#.#...##
...8.....8.............#...#...


You could see a yak and a troll.

Vanquished Creatures
  3 two-headed ogres
  Pikel (D:5)
  Jeremiah (D:6)
  3 unseen horror zombies (D:9)
  A troll (D:9)
  2 hornets (D:9)
  2 wyverns
  A yak (D:9)
  A steam dragon (D:7)
  2 acid dragons
  A water moccasin (Sewer)
  An ice beast (D:5)
  2 ogres (D:6)
  An orc warrior (D:9)
  A black bear (D:6)
  4 lemures
  2 kobold brigands
  A bullfrog (D:8)
  3 gnoll sergeants
  A wyvern zombie (D:9)
  4 scorpions
  6 wights
  A centaur zombie (D:9)
  A jelly (D:6)
  8 hounds
  Crazy Yiuf (D:6)
  9 orc priests
  2 sleepcaps
  20 orc wizards
  A howler monkey zombie (D:9)
  5 adders
  12 gnolls
  A river rat (D:6)
  A shadow imp (D:7)
  3 white imps
  4 ufetubi (D:6)
  A dart slug (D:1)
  43 orcs
  5 endoplasms
  5 giant cockroaches
  6 hobgoblins
  9 jackals
  6 quokkas
  4 ball pythons
  4 bats
  9 frilled lizards
  6 goblins
  14 kobolds
  6 rats
231 creatures vanquished.

Notes
Turn   | Place    | Note
-------+----------+-------------------------------------------
     0 | D:1      | gelatine the Demonspawn Fighter began the quest for the
                  | Orb.
     0 | D:1      | Reached XP level 1. HP: 18/18 MP: 1/1
   299 | D:1      | Discovered your monstrous ancestry.
   299 | D:1      | Gained mutation: Your touch may inflict minor irresistible
                  | damage on your foes. [demonic ancestry]
   299 | D:1      | Reached XP level 2. HP: 24/24 MP: 2/2
   315 | D:1      | Found Quur's Magic Scroll Shoppe.
   318 | D:1      | Bought a scroll of identify for 28 gold pieces
   327 | D:1      | Gained mutation: You have sharp toenails. [potion of
                  | mutation]
   988 | D:2      | Gained mutation: You sometimes gain a little power by
                  | taking damage. [demonic ancestry]
   988 | D:2      | Reached XP level 3. HP: 19/29 MP: 3/3
  1062 | D:2      | Reached skill level 3 in Armour
  1684 | D:3      | Reached XP level 4. HP: 35/35 MP: 4/4
  2070 | D:3      | Reached skill level 1 in Dodging
  2070 | D:3      | Lost mutation: You have sharp toenails. [demonic ancestry]
  2070 | D:3      | Gained mutation: You have large cloven feet. [demonic
                  | ancestry]
  2070 | D:3      | Reached XP level 5. HP: 41/41 MP: 5/5
  2463 | D:4      | Identified the ring of Pythytab {rF+ Str+3 Slay+2}
  2494 | D:4      | Reached skill level 1 in Stealth
  2494 | D:4      | Reached skill level 1 in Evocations
  2512 | D:4      | Reached skill level 1 in Spellcasting
  2584 | D:4      | Found a bloodstained altar of Trog.
  2938 | D:4      | Gained mutation: You have a pair of small antennae on your
                  | head. [demonic ancestry]
  2938 | D:4      | Reached XP level 6. HP: 30/48 MP: 7/7
  2941 | D:4      | Identified the +7 whip of Due Proportion {flame, Will+}
  3193 | D:4      | Found a radiant altar of Vehumet.
  3311 | D:5      | Entered Level 5 of the Dungeon
  3331 | D:5      | Noticed an ice beast
  3339 | D:5      | Killed an ice beast
  3555 | D:5      | Gained mutation: You sometimes gain power by taking damage.
                  | [demonic ancestry]
  3555 | D:5      | Reached XP level 7. HP: 53/53 MP: 9/9
  3877 | D:5      | Noticed Pikel
  3888 | D:5      | Killed Pikel
  3889 | D:5      | Reached skill level 1 in Maces & Flails
  3889 | D:5      | Reached skill level 1 in Throwing
  3889 | D:5      | Reached skill level 4 in Armour
  3889 | D:5      | Reached XP level 8. HP: 34/60 MP: 9/11
  4412 | D:6      | Noticed Jeremiah
  4418 | D:6      | Killed Jeremiah
  4732 | D:6      | Reached skill level 5 in Armour
  4797 | D:6      | Found a glowing drain.
  4806 | Sewer    | Entered a sewer
  4867 | Sewer    | Gained mutation: Your touch may inflict irresistible damage
                  | on your foes. [demonic ancestry]
  4867 | Sewer    | Reached XP level 9. HP: 61/67 MP: 13/13
  5261 | D:6      | Found a runed translucent door.
  5261 | D:6      | Noticed Crazy Yiuf
  5268 | D:6      | Killed Crazy Yiuf
  5333 | D:6      | You fall into a shaft and drop 2 floors!
  5376 | D:8      | Found a staircase to the Lair.
  5387 | D:8      | Reached skill level 5 in Fighting
  6316 | D:7      | Found Abeosoabb's Book Emporium.
  6586 | D:7      | Found a sacrificial altar of Ru.
  6736 | D:7      | Reached skill level 5 in Shields
  6896 | D:7      | Found a staircase to the Ecumenical Temple.
  6907 | Temple   | Entered the Ecumenical Temple
  7321 | D:9      | Reached skill level 6 in Armour
  7352 | D:9      | Reached XP level 10. HP: 74/74 MP: 16/16
  7366 | D:9      | Found a basalt altar of Yredelemnul.
  7370 | D:9      | Found a shimmering blue altar of Sif Muna.
  7373 | D:9      | Found a broken altar of Ashenzari.
  7374 | D:9      | Found an iron altar of Okawaru.
  7453 | D:9      | Found Ifruil's Vocational Training.
  7608 | D:9      | Noticed a two-headed ogre
  7608 | D:9      | Noticed a two-headed ogre
  7616 | D:9      | Killed a two-headed ogre
  7621 | D:9      | Killed a two-headed ogre
  7726 | D:9      | Reached skill level 5 in Throwing
  7757 | D:9      | Reached skill level 5 in Maces & Flails
  7757 | D:9      | Reached skill level 5 in Spellcasting
  8184 | D:10     | Entered Level 10 of the Dungeon
  8233 | D:10     | Noticed a two-headed ogre
  8301 | D:9      | Reached skill level 7 in Armour
  8348 | D:10     | Killed a two-headed ogre
  8524 | D:10     | Slain by a shadow

Illustrated notes

Levels and vault maps discovered:
D:1:      beargit_arrival_diablo_church, layout_basic, serial_shops, shop
D:2:      layout_basic, serial_rivers, chequers_serial_rivers_micro_b,
          chequers_serial_rivers_micro_e, chequers_serial_rivers_room_b,
          chequers_serial_rivers_micro_a, chequers_serial_rivers_micro_d,
          chequers_serial_rivers_micro_d, chequers_serial_rivers_marsh
D:3:      layout_loops_ring, corexii_shack, kennysheep_path_1
D:4:      layout_cave_pods, mainiacjoe_overflow_six_doors_small,
          general_overflow_altar
D:5:      nicolae_BIG_FREAKIN_CUBE, layout_gridville, uniq_pikel
D:6:      layout_basic, gup_sewer_entry_bowl, uniq_jeremiah,
          uniq_crazy_yiuf_cottage
D:7:      layout_layer_cave, mainiacjoe_overflow_surrounded_room,
          minmay_temple_entry_enclosed_plants, serial_shops, shop,
          minmay_stone_trees_medium, kennysheep_generic_room_14
D:8:      layout_basic, lair_entry_dummy
D:9:      layout_cave_pods, mainiacjoe_overflow_alcove_3, serial_undead,
          serial_undead_a, serial_undead_c, serial_undead_e, serial_undead_a,
          minmay_holes, nicolae_shop_vocational
D:10:     layout_cave_pools, serial_shops,
          nicolae_shop_competitors_out_of_business, serial_bayou,
          serial_bayou_ford_a, serial_bayou_crossing, serial_bayou_shore_a,
          serial_bayou_pond_b, st_stairs_1, mumra_transporter_accident
Temple:   nicolae_temple_bog_church

Skill      XL: |  1  2  3  4  5  6  7  8  9 10 |
---------------+-------------------------------+-----
Axes           | 2 3 4 |  4.6
Armour         | 3 4 5 6 7 |  7.1
Shields        | 3 4 5 6 |  6.2
Dodging        | 1 2 3 4 |  4.9
Stealth        | 1 |  1.4
Evocations     | 1 2 |  2.0
Spellcasting   | 1 2 3 4 5 |  5.2
Fighting       | 4 5 6 |  6.2
Maces & Flails | 1 3 4 5 |  5.4
Throwing       | 1 2 4 5 |  5.2

Action                     |  1- 3 |  4- 6 |  7- 9 | 10-12 || total
---------------------------+-------+-------+-------+-------++-------
  Melee: War axe           |   101 |    67 |       |       ||   168
         Kick              |    10 |    16 |    46 |    41 ||   113
         Whip              |       |    16 |   169 |   106 ||   291
  Throw: Stone             |     5 |    29 |       |       ||    34
         Boomerang         |       |       |   131 |       ||   131
         Dart              |       |       |       |    35 ||    35
    Use: Scroll            |     2 |     1 |     9 |       ||    12
         Potion            |     1 |       |       |       ||     1
 Armour: Scale mail        |    59 |    40 |    54 |   121 ||   274
         Ring mail         |       |     4 |    68 |       ||    72
  Dodge: Dodged            |    64 |    41 |    81 |    70 ||   256
  Block: Buckler           |    29 |    11 |    40 |    39 ||   119

Table legend: (Time is in decaauts)
 A = Elapsed time spent in this place.
 B = Non-inter-level travel time spent in this place.
 C = Inter-level travel time spent in this place.
 D = Time resting spent in this place.
 E = Time spent auto-exploring this place.
 F = Levels seen in this place.
 G = Mean time per level.
                   A        B        C        D        E       F      G
               +--------+--------+--------+--------+--------+-----+--------+
         Total |   8614 |   7966 |    648 |      6 |   6133 |  12 |  717.8 |
       Dungeon |   8445 |   7841 |    604 |      6 |   6052 |  10 |  844.5 |
        Temple |     51 |      7 |     44 |      0 |      5 |   1 |   51.0 |
         Sewer |    118 |    118 |      0 |      0 |     76 |   1 |  118.0 |
               +--------+--------+--------+--------+--------+-----+--------+

Top non-repeatable levels by time:
     D:7: 1140 daAuts
     D:4: 1122 daAuts
     D:6: 1056 daAuts
     D:9: 1015 daAuts
     D:1: 1001 daAuts
     D:5: 925 daAuts
     D:3: 763 daAuts
     D:2: 704 daAuts
     D:8: 512 daAuts
    D:10: 203 daAuts
   Sewer: 118 daAuts
  Temple: 51 daAuts
